cohdb
Replays
Latest Replays
All Replays
Popular Replays
Top Player Replays
Match Explorer
How It Works
Community
CoH3 Stats
Reddit
Sign in to upload your games and track your stats! →
Sign in with Steam
Match 43076860
Unlisted
Match 43076860
Overview
Messages
Build Orders
End
Kradschützen Motorcycle Team
Kradschützen Motorcycle Team
Selects Armored Support Battlegroup
Selects Armored Support Battlegroup
250 Light Carrier
Construct Light Support Kompanie
Assault Grenadier Squad
Selects Superior Fire Drills
Fire Support Elements
MG34 Team
Flakvierling Half-track
Panzerjäger Mechanized Group
Vehicle Survival Package
Construct Mechanized Kompanie
Veteran Squad Leaders
8 Rad Armored Car
Emergency Repair Kits
Marder III Tank Destroyer
Selects Flammpanzer III Medium Tank
254 Reconnaissance Tractor
Selects Salvage Kits
Assault Grenadier Squad
250 Light Carrier
250 Light Carrier
Combat Half-tracks
Marder III Tank Destroyer
2.5-tonne Medical Truck
MG34 Team
Assault Mechanized Group
Willaguy
HighFive
0
0
Comments
sign in to comment!
No comments posted yet!